Map: Battle on the Boardwalk LE

Players

Grimm - Winner!

  • Race: Zerg Zerg
  • League: Platinum
  • Spawn Location: 11:00

Deathlord

  • Race: Zerg Zerg
  • Spawn Location: 1:00

VOD

Have the link to the VOD?

Description

Time

  • Played on: Nov. 22, 2017, 9:24 p.m.
  • Length: 3:39
Show
View Real Time Build Order
Export as new Build Order

Grimm Zerg - Winner!

Build Orders: Pool Only 

Get SALT Encoding   

  12  0:01  Drone  
  13  0:12  Overlord  
  13  0:18  Drone  
  14  0:32  Drone x2  
  17  0:35  Drone  
  17  0:52  Spawning Pool  
  17  0:54  Drone  
  3  1:39  Spine Crawler  
  1  1:43  Spine Crawler  
    1:47  Zergling x2  
    1:48  Zergling x4  
  3  1:58  Spine Crawler  
  3  2:31  Drone x3  
  6  2:44  Drone  
  7  3:00  Drone  
  8  3:21  Drone x2  
Show
View Real Time Build Order
Export as new Build Order

Deathlord Zerg 

Build Orders:  

Get SALT Encoding   

  12  0:01  Drone  
  13  0:08  Drone  
  14  0:18  Extractor  
  14  0:19  Extractor, Drone  
  13  0:22  Drone  
  16  0:41  Overlord  
  16  1:03  Drone x2  
  14  1:46  Drone  
  9  2:23  Drone  
  7  2:36  Drone  
  5  2:48  Drone  
  6  3:00  Drone  
  7  3:07  Drone  
Tags
 
Add a new tag
Caveats
  • Supply blocks, unpowered buildings, or Contaminate may cause inaccurate times.
  • Supply counts are checked every 10 seconds.